Map: Echo LE (Void)

Players

Forest

  • Race: Protoss Protoss

Shamanas - Winner!

  • Race: Terran Terran

VOD

Have the link to the VOD?

Description

Time

  • Played on: May 2, 2015, 7:39 a.m.
  • Length: 8:35
Show
View Real Time Build Order
Export as new Build Order

Forest Protoss 

Build Orders: Oracle Opening, Oracle Opening, Void Rays 

Get SALT Encoding   

  12  0:04  Probe  
  13  0:16  Pylon  
  13  0:18  Probe  
  14  0:30  Assimilator  
  14  0:39  Gateway  
  14  0:47  Probe (Chrono Boost)  
  16  0:58  Probe (Chrono Boost)  
  16  1:06  Probe, Assimilator  
  17  1:18  Probe  
  18  1:27  Cybernetics Core  
  18  1:35  Pylon  
  18  1:40  Probe  
  19  1:58  Probe  
  20  2:04  Stargate  
  20  2:07  Stalker (Chrono Boost)  
  21  2:11  Probe  
  22  2:31  Forge  
  22  2:47  Oracle (Chrono Boost)  
  25  3:00  Probe  
  26  3:12  Photon Cannon  
  29  3:13  Oracle (Chrono Boost)  
  29  3:49  Pylon  
  29  3:50  Probe  
  30  4:07  Void Ray (Chrono Boost)  
  38  4:39  Void Ray (Chrono Boost)  
  38  4:44  Nexus  
  38  4:52  Pylon  
  38  4:56  Pylon  
  35  5:22  Void Ray (Chrono Boost)  
  35  5:28  Assimilator  
  39  5:44  Pylon  
  39  5:46  Mothership Core  
  39  5:58  Probe  
  38  6:10  Probe  
  34  6:22  Probe (Chrono Boost), Void Ray (Chrono Boost)  
  30  6:34  Probe (Chrono Boost)  
  26  6:43  Probe (Chrono Boost)  
  27  6:50  Probe (Chrono Boost)  
  29  6:57  Probe (Chrono Boost)  
  29  6:59  Probe (Chrono Boost), Void Ray (Chrono Boost)  
  34  7:04  Probe (Chrono Boost)  
  34  7:07  Probe  
  36  7:19  Probe (Chrono Boost)  
  37  7:34  Void Ray (Chrono Boost)  
  41  7:46  Robotics Facility  
  41  7:47  Probe  
  42  7:59  Probe  
  43  8:11  Probe  
Show
View Real Time Build Order
Export as new Build Order

Shamanas Terran - Winner!

Build Orders: Reaper Expand 

Get SALT Encoding   

  12  0:01  SCV  
  13  0:13  SCV  
  14  0:17  Supply Depot  
  14  0:25  SCV  
  15  0:38  SCV  
  15  0:42  Barracks  
  16  0:45  Refinery  
  16  0:51  SCV  
  17  1:03  SCV  
  18  1:15  SCV  
  19  1:29  Orbital Command  
  19  1:30  Reaper  
  20  1:45  Command Center  
  20  1:55  Supply Depot  
  20  1:57  SCV  
  21  2:05  Barracks Reactor  
  21  2:11  SCV  
  21  2:15  Refinery  
  22  2:23  Factory  
  22  2:24  SCV  
  23  2:36  SCV  
  24  2:43  Marine  
  24  2:44  Marine  
  26  2:48  SCV  
  27  2:56  Supply Depot  
  27  2:57  Orbital Command  
  27  3:03  Bunker  
  27  3:06  Marine x2  
  27  3:08  SCV, Factory Tech Lab  
  29  3:24  Marine x2  
  26  3:32  Orbital Command  
  19  3:34  Missile Turret  
  19  3:37  Missile Turret  
  19  3:38  SCV  
  19  3:44  Marine x2  
  21  3:50  Cyclone  
  21  3:54  SCV  
  25  4:02  SCV, Marine x2  
  26  4:11  SCV  
  26  4:14  SCV  
  27  4:18  Missile Turret  
  27  4:20  Marine x2  
  27  4:23  SCV  
  30  4:27  SCV  
  29  4:35  SCV  
  29  4:37  Starport  
  30  4:39  SCV, Marine x2  
  36  4:45  Cyclone  
  36  4:47  SCV  
  36  4:51  SCV  
  38  5:05  SCV x2  
  38  5:07  Missile Turret  
  40  5:10  Missile Turret  
  40  5:11  Marine  
  40  5:12  Marine  
  38  5:17  Starport Reactor  
  34  5:23  Missile Turret  
  34  5:29  SCV  
  34  5:30  Missile Turret  
  36  5:37  Missile Turret  
  36  5:41  SCV  
  35  5:50  Armory  
  35  5:52  Barracks Reactor  
  35  5:58  SCV x2  
  35  5:59  Viking x2  
  41  6:15  Factory Tech Lab  
  38  6:20  SCV x2  
  38  6:24  Missile Turret  
  38  6:25  Missile Turret  
  40  6:27  Barracks x2  
  40  6:31  Viking x2  
  41  6:33  SCV  
  41  6:34  SCV  
  41  6:36  Marine x2  
  42  6:44  Refinery  
  42  6:45  Refinery  
  42  6:49  Thor  
  42  6:54  Supply Depot  
  48  6:55  SCV  
  48  6:57  SCV  
  50  7:07  SCV  
  51  7:09  SCV, Marine x2  
  51  7:15  Viking  
  56  7:19  Barracks Tech Lab x2  
  56  7:22  Supply Depot  
  56  7:23  Supply Depot  
  56  7:26  SCV, Marine x2  
  56  7:27  SCV  
  60  7:33  Cyclone  
  63  7:45  Marine x2  
  63  7:47  Marine x2  
  63  7:48  Supply Depot  
  63  7:56  Viking x2  
  65  8:03  Marine x2  
  65  8:05  Missile Turret  
  67  8:08  Marine x2  
  67  8:10  SCV  
Tags
 
Add a new tag
Caveats
  • Supply blocks, unpowered buildings, or Contaminate may cause inaccurate times.
  • Supply counts are checked every 10 seconds.